 Dungeon Crawl Stone Soup version 0.18.1-47-g9310371 (webtiles) character file.

49 Gargoylian the Skirmisher (level 3, -11/30 HPs)
             Began as a Demonspawn Abyssal Knight on June 21, 2016.
             Was a Believer of Lugonu.
             Mangled by a gnoll
             ... wielding a +0 halberd
              (14 damage)
             ... on level 2 of the Dungeon.
             The game lasted 00:03:09 (1950 turns).

Gargoylian the Skirmisher (DsAK)                    Turns: 1950, Time: 00:03:10

Health: -11/30     AC:  6    Str: 13    XL:     3   Next: 53%
Magic:  5/5        EV: 10    Int: 13    God:    Lugonu [**....]
Gold:   53         SH:  0    Dex: 12    Spells: 0 memorised, 2 levels left

rFire  . . .     SeeInvis .     a - +1 hand axe
rCold  . . .     Gourm    .     o - +0 ring mail
rNeg   . . .     Faith    .     (no shield)
rPois  .         Spirit   .     (helmet restricted)
rElec  .         Dismiss  .     n - +0 cloak
rCorr  .         Reflect  .     (no gloves)
SustAt +         Harm     .     (no boots)
MR     .....                    (no amulet)
Stlth  ++........               (no ring)
                                j - ring of sustain attributes

@: not resistant to hostile enchantments, unstealthy
A: antennae 1, nightstalker 1
a: Depart the Abyss, Bend Space, Renounce Religion


You were on level 2 of the Dungeon.
You worshipped Lugonu.
Lugonu was pleased with you.
You were not hungry.

You visited 1 branch of the dungeon, and saw 2 of its levels.
You visited the Abyss 1 time.

You collected 53 gold pieces.

Inventory:

Hand Weapons
 a - a +1 hand axe (weapon)
Missiles
 b - 4 tomahawks (quivered)
Armour
 n - a +0 cloak (worn)
 o - a +0 ring mail (worn)
Jewellery
 j - a ring of sustain attributes (left hand)
Scrolls
 e - 2 scrolls of enchant weapon {unknown}
 g - a scroll of amnesia {unknown}
 h - a scroll of teleportation {unknown}
 l - 3 scrolls of identify {unknown}
 q - a scroll of immolation {unknown}
Potions
 d - a potion of curing
 k - a potion of heal wounds {unknown}
 m - a potion of might
 p - a potion of brilliance {unknown}
Comestibles
 c - 2 bread rations
 f - a royal jelly
 i - a beef jerky


   Skills:
 + Level 3.7 Fighting
 + Level 2.2 Axes
 * Level 2.0 Armour
 + Level 1.2 Dodging
 + Level 0.4 Stealth
 + Level 2.8 Invocations


You had 2 spell levels left.
You didn't know any spells.

Dungeon Overview and Level Annotations

Branches:
Dungeon (2/15)

Altars:


Innate Abilities, Weirdness & Mutations

You have a pair of small antennae on your head.
You are slightly more attuned to the shadows.


Message History

You try to slip out of the net.
The gnoll closely misses you.
The gnoll hits you from afar with a spear.
A kobold comes into view.
Unknown command.
You try to slip out of the net.
The gnoll barely misses you. The gnoll hits you but does no damage.
Unknown command.
You slip out of the net!
The gnoll hits you but does no damage.
The gnoll hits you from afar with a spear!
The gnoll misses you. The gnoll barely misses you.
Unknown command.
You barely miss the gnoll.
The gnoll is heavily wounded.
You barely miss the gnoll. The gnoll hits you with a spear.
* * * LOW HITPOINT WARNING * * *
The gnoll hits you from afar with a spear.
* * * LOW HITPOINT WARNING * * *
The gnoll hits you but does no damage.
The gnoll hits you from afar with a halberd!
You die...

...# ....# #.>.#######
........ .........
.........
hK##gg...#####....#..#.
......g................
####g@......... ....#
...............# #..#
.####..#.....#.#####..#
#.###.#............
#.###..#.).........
#.#................
..#.##...........#. #..
#####......... #..
#.......#[


You could see Natasha (wandering), 4 gnolls and a kobold (wandering).

Vanquished Creatures
  An adder (D:1)
  An ooze (D:2)
  A giant gecko (D:2)
  A ball python (D:1)
  A giant cockroach (D:1)
  8 goblins
  3 hobgoblins
  7 bats (D:1)
  6 kobolds (D:1)
  6 rats
35 creatures vanquished.

Notes
Turn   | Place    | Note
--------------------------------------------------------------
     0 | Abyss:1  | Gargoylian the Demonspawn Abyssal Knight began the quest for the Orb.
     0 | Abyss:1  | Reached XP level 1. HP: 18/18 MP: 2/2
    76 | Abyss:1  | Found a corrupted altar of Lugonu.
   111 | Abyss:1  | Noticed a small abomination
   125 | D:1      | Escaped the Abyss
   315 | D:1      | Reached * piety under Lugonu
   349 | D:1      | Gained mutation: You have a pair of small antennae on your head. [demonic ancestry]
   349 | D:1      | Reached XP level 2. HP: 20/24 MP: 3/3
   765 | D:1      | Reached skill level 1 in Dodging
  1567 | D:1      | Gained mutation: You are slightly more attuned to the shadows. [demonic ancestry]
  1567 | D:1      | Reached XP level 3. HP: 20/29 MP: 5/5
  1789 | D:2      | Reached ** piety under Lugonu
  1950 | D:2      | Mangled by a gnoll

Skill      XL: |  1  2  3 |
---------------+----------+-----
Axes           | 2 |  2.2
Dodging        | 1 |  1.2
Armour         | 2 |  2.0
Fighting       | |  3.7
Stealth        | |  0.4
Invocations    | |  2.8

Action                   || total
-------------------------++-------
Melee: Hand axe          ||    90
Invok: Depart the Abyss  ||     1
  Use: Potion            ||     2
  Eat: Fruit             ||     5
       Chunk             ||     1
Armor: Leather armour    ||    36
       Ring mail         ||     7
Dodge: Dodged            ||   102
